 Dungeon Crawl Stone Soup version 0.29-a0-1043-g569b05d6ff (webtiles) character file.

Game seed: 12556602788380950635

17 hikkokomori the Firebug (level 2, 0/16 HPs)
             Began as a Gargoyle Fire Elementalist on Aug 16, 2022.
             Constricted to death by a ball python (1 damage)
             ... on level 1 of the Dungeon.
             The game lasted 00:02:53 (396 turns).

hikkokomori the Firebug (Gargoyle Fire Elementalist) Turns: 396, Time: 00:02:54

Health: 0/16       AC:  4    Str: 11    XL:     2   Next: 62%
Magic:  3/5        EV:  8    Int: 15    God:
Gold:   16         SH:  0    Dex: 10    Spells: 4/5 levels left

rFire   . . .      SeeInvis .   c - +0 short sword
rCold   . . .      Faith    .   (no shield)
rNeg    + . .      Spirit   .   a - +0 robe
rPois   ∞          Reflect  .   (no helmet)
rElec   +          Harm     .   (no cloak)
rCorr   .          Rampage  .   (no gloves)
Will    .....                   (no boots)
Stlth   ++........              (no amulet)
HPRegen 0.05/turn               (no ring)
MPRegen 0.09/turn               (no ring)

@: constricted
A: sickness immunity, AC +2, negative energy resistance 1, electricity
resistance, torment resistance 1, petrification resistance
a: no special abilities


You were on level 1 of the Dungeon.
You visited 1 branch of the dungeon, and saw 1 of its levels.

You collected 16 gold pieces.

Inventory:

Hand Weapons
 c - a +0 short sword (weapon)
Missiles
 d - 2 stones
Armour
 a - a +0 robe (worn)
Scrolls
 e - a scroll of teleportation {unknown}
Potions
 b - a potion of magic
 f - a potion of invisibility {unknown}


   Skills:
 + Level 1.0 Fighting
 + Level 1.0 Armour
 - Level 1.5 Dodging
 - Level 2.1 Stealth
 + Level 2.2 Spellcasting
 - Level 1.1 Conjurations
 + Level 3.2 Fire Magic


You had 4 spell levels left.
You knew the following spells:

 Your Spells              Type           Power      Damage    Failure   Level
a - Foxfire               Conj/Fire      32%        2x1d5     9%          1

Your spell library contained the following spells:

 Spells                   Type           Power      Damage    Failure   Level
 Scorch                   Fire           22%        2d6       9%          2
 Magic Dart               Conj           16%        1d3       14%         1
 Conjure Flame            Conj/Fire      8%         6-21      26%         3
 Call Imp                 Summ           1%         N/A       32%         2
 Inner Flame              Hex/Fire       6%         N/A       32%         3
 Mephitic Cloud           Conj/Pois/Air  2%         N/A       50%         3
 Flame Wave               Conj/Fire      8%         2d5       65%         4


Dungeon Overview and Level Annotations

Branches:
Dungeon (1/15)

Altars:


Innate Abilities, Weirdness & Mutations

You are immune to sickness and miasma.
Your stone body is resilient. (AC +2)
You are immune to poison.
You resist negative energy. (rN+)
You are resistant to electric shocks. (rElec)
You are resistant to unholy torment.
You are immune to petrification.


Message History

The jackal bites you but does no damage. x2
Casting: Foxfire (safe; 9% risk of failure)
Confirm with . or Enter, or press ? or * to list all spells.
You conjure some foxfire!
The jackal misses you.
Your foxfire dissipates!
A bat comes into view.
Found a faded altar of an unknown god.
The foxfire hits the jackal.
The jackal is almost dead.
A ball python comes into view.
The jackal bites you.
The ball python hisses angrily.
You hit the jackal.
You kill the jackal!
The jackal completely misses you.
You closely miss the jackal.
A kobold comes into view. It is wielding a +0 whip.
You closely miss the jackal. The jackal misses you.
The jackal bites you but does no damage. x2
You hit the jackal.
The jackal is severely wounded.
The jackal bites you but does no damage. x2
The jackal bites you.
* * * LOW HITPOINT WARNING * * *
The jackal closely misses you.
Your magical contamination has completely faded away.
You closely miss the jackal.
The jackal is severely wounded.
The jackal barely misses you. The jackal closely misses you.
You miss the jackal.
The jackal is severely wounded.
The jackal bites you but does no damage.
The jackal barely misses you. The ball python barely misses you. x2
The jackal bites you but does no damage.
The jackal bites you.
* * * LOW HITPOINT WARNING * * *
You hit the jackal but do no damage.
The jackal is severely wounded.
The ball python closely misses you. The ball python grabs you.
The ball python constricts you.
You die...

b.. .#... ....
.... ...# #._.
#..###...
#..#..K #....
#.S## #@h# #h##
h. #.# h.. #†#
....
#.######+#....
##
#....hh.......
.. ###.......#
## #####
#.......# #####
#...#
#.......####P#P#


You could see 2 jackals, a bat (asleep), a ball python and a kobold.

Vanquished Creatures
  A dart slug (D:1)
  2 bats (D:1)
  An endoplasm (D:1)
  A goblin (D:1)
  5 jackals (D:1)
  A quokka (D:1)
  A kobold (D:1)
12 creatures vanquished.

Vanquished Creatures (others)
  13 foxfires (D:1)
  2 plants (D:1)
15 creatures vanquished.

Grand Total: 27 creatures vanquished

Notes
Turn   | Place    | Note
-------+----------+-------------------------------------------
     0 | D:1      | hikkokomori the Gargoyle Fire Elementalist began the quest
                  | for the Orb.
     0 | D:1      | Reached XP level 1. HP: 10/10 MP: 3/3
    79 | D:1      | Reached XP level 2. HP: 10/16 MP: 1/5
   361 | D:1      | Reached skill level 1 in Fighting
   378 | D:1      | Reached skill level 1 in Armour
   389 | D:1      | Found a faded altar of an unknown god.
   396 | D:1      | Constricted to death by a ball python

Illustrated notes

Levels and vault maps discovered:
D:1:      minmay_arrival_plants_in_alcoves, layout_basic,
          nicolae_ecumenical_snake_handling

Skill      XL: |  1  2 |
---------------+-------+-----
Fighting       | 1 |  1.0
Armour         | 1 |  1.0
Dodging        | |  1.5
Stealth        | |  2.1
Spellcasting   | |  2.2
Conjurations   | |  1.1
Fire Magic     | |  3.2

Action                   || total
-------------------------++-------
Melee: Unarmed           ||    10
       Short sword       ||    35
 Cast: Foxfire           ||     9
 Stab: Sleeping          ||     2
Armor: Robe              ||    30
Dodge: Dodged            ||    43

Table legend: (Time is in decaauts)
 A = Elapsed time spent in this place.
 B = Non-inter-level travel time spent in this place.
 C = Inter-level travel time spent in this place.
 D = Time resting spent in this place.
 E = Time spent auto-exploring this place.
 F = Levels seen in this place.
 G = Mean time per level.
                   A        B        C        D        E       F      G
               +--------+--------+--------+--------+--------+-----+--------+
         Total |    398 |    398 |      0 |      0 |    114 |   1 |  398.0 |
       Dungeon |    398 |    398 |      0 |      0 |    114 |   1 |  398.0 |
               +--------+--------+--------+--------+--------+-----+--------+

Top non-repeatable levels by time:
     D:1: 398 daAuts
